Map: Tokamak LE

Players

LigerMaNN

  • Race: Zerg Zerg
  • League: Diamond
  • Spawn Location: 1:00

Rebok - Winner!

  • Race: Zerg Zerg
  • League: Gold
  • Spawn Location: 7:00

VOD

Have the link to the VOD?

Description

Time

  • Played on: June 3, 2025, 10:28 p.m.
  • Length: 7:29
Show
View Real Time Build Order
Export as new Build Order

LigerMaNN Zerg 

Build Orders: Hatch First 

Get SALT Encoding   

  12  0:01  Drone  
  13  0:13  Overlord  
  13  0:23  Drone  
  14  0:32  Drone  
  14  0:33  Drone  
  16  0:48  Hatchery  
  15  0:52  Drone  
  16  0:57  Drone  
  16  0:59  Drone  
  18  1:10  Extractor  
  17  1:14  Spawning Pool  
  17  1:17  Drone  
  17  1:20  Drone  
  18  1:29  Drone  
  19  1:45  Overlord  
  19  2:00  Queen x2  
  23  2:02  Zergling x4  
  23  2:03  Zergling x2  
  26  2:12  Metabolic Boost  
  26  2:16  Drone x2  
  28  2:23  Drone x2  
  30  2:31  Overlord  
  30  2:46  Hatchery  
  28  3:00  Baneling Nest, Drone x3  
  28  3:03  Drone  
  31  3:05  Drone  
  32  3:14  Zergling x2  
  32  3:15  Zergling x4  
  32  3:17  Zergling x2  
  37  3:20  Zergling x2  
  37  3:29  Overlord x2  
  37  3:52  Zergling x16  
  44  4:05  Drone x2  
  44  4:06  Drone  
  44  4:07  Drone  
  48  4:12  Evolution Chamber  
  48  4:14  Evolution Chamber  
  48  4:16  Roach Warren  
  45  4:19  Drone x3  
  45  4:21  Drone  
  49  4:28  Lair  
  49  4:36  Drone x3  
  49  4:37  Drone  
  53  4:39  Drone  
  53  4:46  Drone x3  
  53  4:47  Drone  
  53  4:49  Drone  
  53  5:04  Drone  
  53  5:05  Drone x8  
  53  5:06  Drone  
  60  5:12  Extractor x2  
  58  5:26  Roach x3  
  64  5:41  Overlord x7  
  64  5:52  Glial Reconstitution  
  64  5:58  Queen  
  64  6:03  Roach x5  
  76  6:05  Roach  
  78  6:20  Roach  
  78  6:21  Roach x6  
  78  6:22  Roach  
  78  6:24  Zergling x2  
  78  6:25  Zergling x4  
  97  6:26  Zergling x2  
  87  6:50  Roach x7  
  87  6:51  Roach x2  
  89  7:09  Roach x6  
Show
View Real Time Build Order
Export as new Build Order

Rebok Zerg - Winner!

Build Orders: Hatch First 

Get SALT Encoding   

  12  0:00  Drone  
  13  0:12  Overlord  
  13  0:17  Drone  
  14  0:30  Drone x2  
  16  0:47  Hatchery  
  15  0:50  Drone  
  15  0:52  Drone  
  17  1:08  Spawning Pool  
  17  1:10  Drone  
  17  1:13  Drone  
  17  1:17  Drone  
  19  1:28  Overlord  
  19  1:38  Drone  
  20  1:56  Queen  
  20  1:57  Zergling x2  
  20  1:59  Queen  
  20  2:00  Zergling x2  
  26  2:03  Drone  
  27  2:11  Drone x2  
  29  2:20  Overlord  
  29  2:25  Drone  
  30  2:32  Drone x2  
  30  2:35  Queen  
  34  2:42  Drone  
  34  2:44  Extractor x2  
  34  2:45  Drone  
  34  2:53  Drone  
  34  2:54  Drone  
  36  3:04  Overlord  
  36  3:05  Drone x3  
  39  3:10  Drone x4  
  43  3:23  Drone x2  
  45  3:32  Evolution Chamber x2  
  45  3:34  Roach Warren  
  42  3:38  Lair  
  42  3:41  Drone, Extractor  
  43  3:42  Drone x3  
  45  3:55  Drone  
  45  3:56  Drone x2  
  45  3:57  Drone  
  45  4:02  Overlord x3  
  49  4:03  Overlord  
  49  4:18  Roach  
  51  4:28  Roach x5  
  61  4:41  Evolution Chamber x2  
  61  4:44  Roach x6  
  71  4:48  Glial Reconstitution  
  67  5:08  Zerg Missile Weapons Level 1  
  67  5:09  Roach x7  
  67  5:14  Queen  
  81  5:15  Drone  
  81  5:16  Overlord  
  81  5:17  Overlord  
  84  5:27  Evolution Chamber  
  83  5:34  Drone  
  84  5:36  Roach x3  
  90  5:43  Spine Crawler  
  90  5:45  Roach x2  
  90  5:46  Spine Crawler, Roach x2  
  96  6:05  Drone x3  
  99  6:13  Overlord x4  
  99  6:21  Hatchery  
  98  6:26  Drone  
  99  6:35  Drone, Overlord  
  99  6:36  Drone x4  
  100  6:51  Drone x5  
  95  7:08  Drone  
  95  7:09  Drone x6  
  98  7:16  Extractor  
  95  7:24  Hatchery  
Tags
 
Matchup
ZvZ
Race
Zerg
Replay Pack
June 2025
Spawn Locations
Cross Positions
Add a new tag
Caveats
  • Supply blocks, unpowered buildings, or Contaminate may cause inaccurate times.
  • Supply counts are checked every 10 seconds.